 Dungeon Crawl Stone Soup version 0.30.0-5-g1a98f26d00 (webtiles) character file.

Game seed: 9926662830276437097

51 hawla the Firebug (level 4, -3/33 HPs)
             Began as a Meteoran Fire Elementalist on May 11, 2023.
             Was an Initiate of Vehumet.
             Killed from afar by an orc wizard (8 damage)
             ... with a puff of flame
             ... on level 5 of the Dungeon.
             The game lasted 00:04:34 (754 turns).

hawla the Firebug (Meteoran Fire Elementalist)       Turns: 754, Time: 00:04:35

Health: -3/33      AC:  2    Str:  9    XL:     4   Next: 25%
Magic:  3/9        EV: 13    Int: 18    God:    Vehumet [......]
Gold:   96         SH:  0    Dex: 21    Spells: 2/9 levels left

rFire   . . .        f - +1 dagger (venom)
rCold   . . .        (no shield)
rNeg    . . .        a - +0 robe
rPois   .            (no helmet)
rElec   .            (no cloak)
rCorr   .            (no gloves)
SInv    .            (no boots)
Will    .....        (no amulet)
Stlth   +            d - +6 ring of dexterity
HPRegen 0.25/turn    (no ring)
MPRegen 0.11/turn

%: no passive effects
@: lethally poisoned (-3 -> -8), glowing
A: sense surroundings 1, otherworldly, glowing, explore regen
a: Renounce Religion


You were on level 5 of the Dungeon.
You worshipped Vehumet.
Vehumet was noncommittal.
You visited 2 branches of the dungeon, and saw 6 of its levels.

You collected 96 gold pieces.

Inventory:

Hand Weapons
 e - a +0 rapier
 f - a +1 dagger of venom (weapon)
Armour
 a - a +0 robe (worn)
Jewellery
 d - a +6 ring of dexterity (left hand)
Wands
 g - a wand of charming (13) (quivered)
Potions
 b - 2 potions of magic


   Skills:
 - Level 2.7 Dodging
 - Level 1.4 Stealth
 - Level 3.3 Spellcasting
 + Level 1.9 Conjurations
 - Level 4.8 Fire Magic


You had 2 spell levels left.
You knew the following spells:

 Your Spells              Type           Power      Damage    Failure   Level
a - Foxfire               Conj/Fire      60%        2x1d7     4%          1
b - Scorch                Fire           40%        2d7       3%          2
c - Flame Wave            Conj/Fire      15%        2d7       36%         4

Your spell library contained the following spells:

 Spells                   Type           Power      Damage    Failure   Level
 Inner Flame              Hex/Fire       11%        N/A       19%         3
 Volatile Blastmotes      Fire/Tloc      22%        2d11      19%         3


Dungeon Overview and Level Annotations

Branches:
Dungeon (5/15) Zot: 2594   Temple (1/1) D:4 Zot: 252

Altars:
Ashenzari
Cheibriados
Dithmenos
Fedhas
Gozag
Hepliaklqana
Kikubaaqudgha
Makhleb
Okawaru
Qazlal
Ru
Sif Muna
Trog
Uskayaw
Vehumet
Wu Jian
Xom
Zin
The Shining One

Shops:
D:1 *   D:2 (   D:5 *?


Innate Abilities, Weirdness & Mutations

You passively map a small area around you.
You are easily found by Zot.
You glow in the dark.
You regain HP and MP as you explore.


Message History

You kill the orc!
Vehumet accepts your kill.
The flame wave engulfs the orc priest!
The orc priest is severely wounded.
The orc wizard gestures at you while chanting.
You are confused.
The orc priest calls upon Beogh to heal the orc wizard.
The orc wizard's wounds heal themselves!
The scorpion stings you.
You are poisoned.
The scorpion poisons you! The orc wizard completely misses you.
Unknown command.
You are too confused!
The scorpion attacks as you move away! The scorpion stings you.
Found 14 gold pieces.
You feel very sick.
You feel sick. The scorpion attacks as you move away!
The scorpion closely misses you.
You feel sick.
You bump into the rock wall.
You feel less confused.
You feel sick. The scorpion stings you.
You are lethally poisoned!
The scorpion poisons you! The scorpion stings you.
* * * LOW HITPOINT WARNING * * *
It was a potion of curing.
You feel better. The scorpion stings you.
The orc wizard hits you with a +0 dagger.
Your magical contamination has completely faded away.
You aren't carrying any scrolls.
The orc wizard attacks as you move away!
The orc wizard hits you with a +0 dagger.
The scorpion attacks as you move away! The scorpion stings you.
* * * LOW HITPOINT WARNING * * *
You are lethally poisoned!
The scorpion poisons you!
* * * LOW HITPOINT WARNING * * *
You feel sick. The orc wizard casts a spell at you. The puff of flame hits you!
You die...

, * , ... * * ,
#.# , , * #. #.#
* #.. #.#,*,,
#...#$#, ,* #
#...#.#.#, ,**
#.#...#.#.# # *
#.....#@#.# .# #
#.....#>##.#∩#*
#....s#....... ,
#..#o.#o...#.#
#....o#))..... ,
##.#.o.......# *
#.#..##########*
#..............
,,
######..#######
*


You could see a scorpion, an orc priest, an orc wizard and an orc.

Vanquished Creatures
  2 adders
  An ufetubus (D:4)
  A dart slug (D:1)
  2 orcs (D:5)
  2 bats
  2 endoplasms
  A giant cockroach (D:1)
  4 jackals
  2 kobolds
  A quokka (D:2)
  2 ball pythons
  3 goblins
  A rat (D:3)
24 creatures vanquished.

Vanquished Creatures (others)
  49 foxfires
49 creatures vanquished.

Grand Total: 73 creatures vanquished

Notes
Turn   | Place    | Note
-------+----------+-------------------------------------------
     0 | D:1      | hawla the Meteoran Fire Elementalist began the quest for
                  | the Orb.
     0 | D:1      | Reached XP level 1. HP: 14/14 MP: 5/5
    47 | D:1      | Found Panol's General Store.
    79 | D:1      | Reached XP level 2. HP: 20/20 MP: 2/6
    80 | D:1      | Reached skill level 4 in Fire Magic
   114 | D:2      | Learned a level 2 spell: Scorch
   130 | D:2      | Found Wetal's Weapon Shoppe.
   143 | D:2      | Reached XP level 3. HP: 26/26 MP: 0/8
   250 | D:4      | Found a staircase to the Ecumenical Temple.
   269 | D:4      | Reached XP level 4. HP: 33/33 MP: 4/9
   278 | Temple   | Entered the Ecumenical Temple
   594 | Temple   | Became a worshipper of Vehumet
   657 | D:5      | Entered Level 5 of the Dungeon
   663 | D:5      | Learned a level 4 spell: Flame Wave
   683 | D:5      | Found Fucirchat's Magic Scroll Shoppe.
   743 | D:5      | Found Yfus's Assorted Antiques.
   744 | D:5      | Noticed a scorpion
   754 | D:5      | Killed from afar by an orc wizard

Illustrated notes

Levels and vault maps discovered:
D:1:      spicycebolla_arrival_xxxplode, layout_basic, serial_shops, shop
D:2:      layout_basic, serial_shops, nicolae_shop_bloodbath_and_beyond,
          minmay_misc_feat_hallway, minmay_small_reverse_x
D:3:      layout_rooms, dk_yredelemnul_ordeal, nicolae_nh_oracle_at_delphi,
          uniq_crazy_yiuf_cottage
D:4:      layout_loops_ring, minmay_temple_entry_tees, uniq_menkaure
D:5:      layout_basic, nicolae_ossuary_entry_ruins, serial_shops,
          nicolae_shop_trees, shop, shop, shop
Temple:   mainiacjoe_temple_trianglar_array

Skill      XL: |  1  2 |
---------------+-------+-----
Fire Magic     | 4 |  4.8
Spellcasting   | 3 |  3.3
Dodging        | |  2.7
Stealth        | |  1.4
Conjurations   | |  1.9

Action                     |  1- 3 |  4- 6 || total
---------------------------+-------+-------++-------
  Melee: Unarmed           |    10 |       ||    10
         Punch             |     2 |       ||     2
         Dagger            |     1 |       ||     1
   Cast: Foxfire           |    29 |       ||    29
         Scorch            |     3 |       ||     3
         Flame Wave        |       |     1 ||     1
    Use: Scroll            |     1 |       ||     1
         Potion            |       |     1 ||     1
 Armour: Robe              |     5 |       ||     5
  Dodge: Dodged            |     7 |     5 ||    12
